Map: Nightshade LE

Players

prospeKt

  • Race: Zerg Zerg
  • League: Platinum
  • Spawn Location: 5:00

Grandebi - Winner!

  • Race: Protoss Protoss
  • League: Platinum
  • Spawn Location: 11:00

VOD

Have the link to the VOD?

Description

Time

  • Played on: June 2, 2020, 3:36 p.m.
  • Length: 15:52
Show
View Real Time Build Order
Export as new Build Order

prospeKt Zerg 

Build Orders: Hatch First 

Get SALT Encoding   

  12  0:01  Drone  
  13  0:12  Overlord  
  13  0:24  Drone  
  14  0:30  Drone  
  14  0:31  Drone  
  14  0:35  Drone  
  17  0:58  Hatchery  
  17  1:02  Drone x2  
  18  1:13  Spawning Pool  
  18  1:15  Drone  
  18  1:20  Extractor  
  18  1:24  Drone  
  18  1:34  Drone  
  19  1:42  Drone  
  20  1:52  Drone  
  21  2:01  Drone  
  22  2:10  Queen x2  
  22  2:12  Overlord  
  22  2:14  Drone  
  27  2:25  Drone  
  28  2:31  Drone  
  29  2:37  Drone x2  
  31  2:44  Overlord  
  31  2:46  Drone  
  31  2:48  Lair  
  31  2:49  Queen  
  34  2:54  Drone  
  35  3:01  Drone  
  36  3:06  Drone x2  
  35  3:15  Drone  
  36  3:24  Drone x2  
  36  3:25  Drone x3  
  41  3:31  Drone  
  41  3:32  Overlord, Drone  
  43  3:37  Drone  
  44  3:44  Roach Warren  
  44  3:45  Evolution Chamber  
  42  3:52  Drone x3  
  42  3:53  Drone  
  46  3:59  Hatchery  
  45  4:03  Drone x4  
  45  4:04  Drone x2  
  51  4:12  Overlord  
  51  4:13  Extractor  
  50  4:17  Extractor  
  50  4:19  Overlord  
  49  4:26  Drone x2  
  51  4:36  Roach x4  
  51  4:38  Overlord  
  59  4:39  Roach  
  59  4:40  Glial Reconstitution  
  59  4:41  Zerg Missile Weapons Level 1  
  61  4:47  Roach x2  
  65  4:56  Roach x3  
  65  4:57  Drone x2  
  65  4:58  Drone  
  74  5:06  Roach  
  76  5:10  Overlord x2  
  76  5:20  Hydralisk Den  
  75  5:21  Evolution Chamber  
  74  5:30  Spore Crawler  
  74  5:32  Spore Crawler  
  74  5:33  Spore Crawler  
  71  5:38  Roach x7  
  71  5:39  Roach  
  83  5:53  Hydralisk  
  83  5:54  Hydralisk x3  
  91  6:15  Drone x2  
  86  6:19  Hydralisk x3  
  90  6:37  Hatchery  
  90  6:39  Drone x3  
  92  6:47  Hatchery  
  92  6:50  Drone  
  92  7:06  Overlord x3  
  92  7:22  Overlord  
  92  7:24  Queen x2  
  94  7:35  Drone x9  
  103  7:46  Extractor  
  103  7:51  Hydralisk x2  
  106  8:10  Drone x6  
  112  8:15  Drone  
  112  8:16  Drone x4  
  117  8:38  Drone x13  
  130  8:56  Spine Crawler  
  130  8:57  Spore Crawler  
  130  8:58  Spine Crawler, Drone x7  
  130  8:59  Drone x2  
  130  9:01  Overlord x4  
  136  9:05  Overseer  
  136  9:27  Drone x4  
  136  9:28  Drone x3  
  136  9:29  Drone, Hydralisk x9  
  162  9:38  Extractor  
  162  9:43  Extractor  
  162  9:45  Spine Crawler  
  159  9:46  Spine Crawler  
  159  9:48  Spore Crawler  
  159  9:52  Extractor  
  156  9:54  Extractor  
  156  9:56  Hydralisk  
  156  9:57  Hydralisk x5  
  156  9:59  Overlord  
  167  10:05  Hatchery  
  166  10:15  Hydralisk  
  168  10:32  Hydralisk  
  166  10:58  Hydralisk x9  
  148  11:05  Hydralisk  
  148  11:06  Hydralisk x15  
  160  11:18  Hydralisk x10  
  152  11:33  Hydralisk x7  
  165  11:46  Hydralisk  
  137  11:47  Hydralisk x6  
  143  12:03  Hydralisk  
  143  12:04  Hydralisk x7  
  159  12:16  Hydralisk x6  
  159  12:18  Overlord  
  172  12:30  Drone x3  
  174  12:38  Drone x5  
  174  12:41  Drone  
  180  12:44  Hatchery  
  180  12:50  Hydralisk  
  181  12:54  Zerg Missile Weapons Level 2  
  181  12:55  Zerg Ground Armor Level 1  
  181  12:57  Grooved Spines  
  181  13:06  Infestation Pit  
  180  13:13  Hydralisk  
  180  13:14  Overlord  
  180  13:15  Overlord  
  170  13:43  Hydralisk x7  
  170  13:44  Hydralisk x7  
  198  13:55  Hydralisk  
  200  14:05  Hive  
  180  14:13  Hydralisk x15  
  184  14:29  Hydralisk x13  
  181  14:37  Hydralisk x3  
  127  14:47  Extractor  
  127  14:49  Drone x9, Extractor  
  110  15:06  Drone x8  
  114  15:11  Hydralisk x4  
  111  15:23  Hydralisk x8  
Show
View Real Time Build Order
Export as new Build Order

Grandebi Protoss - Winner!

Build Orders: 1 Gate Expand, Blink Stalkers 

Get SALT Encoding   

  12  0:02  Probe  
  13  0:14  Probe  
  13  0:20  Pylon  
  14  0:26  Probe  
  15  0:38  Probe (Chrono Boost)  
  15  0:41  Gateway  
  16  0:49  Assimilator  
  17  0:50  Probe (Chrono Boost)  
  17  0:58  Pylon  
  17  1:03  Probe (Chrono Boost)  
  18  1:15  Probe (Chrono Boost)  
  19  1:22  Probe (Chrono Boost)  
  20  1:31  Cybernetics Core  
  20  1:42  Nexus  
  20  1:45  Probe  
  21  1:53  Pylon  
  21  1:57  Probe  
  22  2:01  Assimilator  
  22  2:08  Warp Gate  
  22  2:09  Adept (Chrono Boost)  
  24  2:17  Probe  
  25  2:29  Probe  
  26  2:33  Stalker  
  28  2:41  Probe, Twilight Council  
  29  2:53  Probe  
  29  2:54  Probe  
  30  3:06  Probe x2  
  32  3:18  Probe x2, Blink (Chrono Boost)  
  32  3:19  Robotics Facility  
  32  3:30  Probe  
  33  3:35  Gateway  
  33  3:41  Gateway x2  
  33  3:43  Probe  
  33  3:46  Probe  
  35  3:55  Probe  
  36  3:58  Stalker  
  36  4:01  Probe  
  39  4:06  Observer  
  39  4:09  Probe  
  41  4:12  Assimilator  
  41  4:14  Pylon  
  41  4:15  Probe  
  42  4:21  Stalker, Probe  
  45  4:31  Probe  
  45  4:32  Warp Prism (Chrono Boost)  
  45  4:35  Probe  
  45  4:36  Stalker  
  45  4:37  Stalker  
  53  4:42  Pylon  
  53  4:47  Probe  
  54  5:00  Stalker x4  
  62  5:21  Pylon, Protoss Air Armor Level 1  
  62  5:22  Pylon  
  62  5:39  Probe x2  
  62  5:42  Stalker x4  
  72  5:50  Immortal  
  72  5:51  Probe x2  
  72  6:13  Stalker  
  72  6:14  Stalker x2  
  68  6:31  Stalker, Nexus  
  70  6:37  Robotics Bay  
  70  6:38  Observer (Chrono Boost)  
  71  6:43  Stalker, Assimilator  
  73  6:49  Pylon  
  73  6:52  Pylon  
  73  6:53  Charge (Chrono Boost)  
  73  6:56  Immortal (Chrono Boost)  
  73  7:01  Pylon  
  77  7:02  Forge  
  77  7:09  Zealot x2  
  77  7:10  Zealot x2  
  85  7:19  Shield Battery x2  
  84  7:30  Stalker x4  
  84  7:36  Protoss Ground Weapons Level 1 (Chrono Boost)  
  92  7:37  Probe x2  
  94  7:55  Nexus  
  94  7:58  Pylon  
  94  7:59  Gravitic Boosters  
  94  8:01  Pylon  
  94  8:09  Forge  
  94  8:15  Disruptor (Chrono Boost)  
  94  8:16  Probe x2  
  99  8:24  Photon Cannon  
  99  8:26  Photon Cannon  
  98  8:29  Shield Battery  
  98  8:31  Gateway  
  98  8:33  Gateway  
  98  8:34  Probe  
  98  8:35  Probe  
  100  8:44  Templar Archives  
  100  8:46  Stalker  
  100  8:47  Probe  
  100  8:48  Disruptor (Chrono Boost)  
  106  8:56  Protoss Ground Armor Level 1 (Chrono Boost)  
  106  9:00  Pylon  
  106  9:03  Pylon  
  106  9:08  Probe x2  
  106  9:09  Probe  
  109  9:16  Disruptor (Chrono Boost)  
  109  9:20  Probe  
  109  9:21  Assimilator  
  109  9:23  Assimilator  
  113  9:32  High Templar x2  
  113  9:33  Zealot x3  
  113  9:34  Zealot  
  113  9:36  Archon  
  113  9:37  Probe x2  
  113  9:38  Probe  
  129  9:45  Observer  
  129  9:53  Probe  
  129  9:54  Probe x2  
  129  9:57  Stalker x3  
  138  10:05  Probe  
  138  10:07  Observer  
  140  10:25  Pylon  
  140  10:27  Pylon  
  140  10:28  Observer  
  141  10:30  Pylon  
  141  10:49  Disruptor  
  108  11:16  Probe x2  
  108  11:17  Stalker x6, Probe  
  101  11:28  Disruptor  
  96  11:49  Protoss Ground Armor Level 2 (Chrono Boost), Protoss Ground Weapons Level 2 (Chrono Boost)  
  92  11:57  High Templar x4  
  92  11:58  High Templar x2  
  104  12:08  Disruptor, Gateway  
  104  12:09  Gateway  
  104  12:12  Gateway  
  104  12:14  Gateway, Archon x2  
  104  12:15  Archon  
  107  12:16  Probe  
  107  12:18  Gateway  
  107  12:21  Gateway  
  108  12:26  Nexus  
  108  12:28  Pylon  
  108  12:31  Pylon  
  108  12:32  High Templar x3  
  108  12:33  Assimilator  
  108  12:35  Assimilator  
  108  12:36  Archon  
  114  12:42  Probe  
  114  12:44  Disruptor (Chrono Boost)  
  118  12:54  Photon Cannon, Probe  
  118  12:55  Probe, Photon Cannon  
  118  12:56  Shield Battery  
  118  12:58  Shield Battery  
  120  13:01  Gateway  
  120  13:02  Gateway  
  120  13:04  Gateway  
  120  13:06  Zealot, Gateway  
  120  13:07  Zealot x7  
  136  13:14  Disruptor (Chrono Boost)  
  139  13:21  Stalker x4  
  147  13:30  Zealot x4  
  147  13:31  Zealot x4  
  163  13:51  Probe  
  163  13:55  Zealot x8  
  159  14:35  Stalker, Zealot x6  
  159  14:36  Zealot  
  162  14:55  High Templar x10  
  162  14:56  High Templar x3  
  188  15:01  Archon x4  
  188  15:02  Archon x2  
  184  15:07  Immortal  
  166  15:42  Stalker x6  
  176  15:43  Stalker x2  
Tags
 
Add a new tag
Caveats
  • Supply blocks, unpowered buildings, or Contaminate may cause inaccurate times.
  • Supply counts are checked every 10 seconds.